 Dungeon Crawl Stone Soup version 0.32-a0-314-g526f7d4993 (webtiles) character file.

Game seed: 8065321186673516867

13 ezpacito the Chopper (level 2, 20/22 HPs)
             Began as a Demonspawn Gladiator on Feb 15, 2024.
             Quit the game on level 1 of the Dungeon.
             The game lasted 00:00:16 (85 turns).

ezpacito the Chopper (Demonspawn Gladiator)           Turns: 85, Time: 00:00:17

Health: 20/22      AC:  5    Str: 14    XL:     2   Next: 24%
Magic:  2/2        EV: 12    Int:  8    God:
Gold:   28         SH:  0    Dex: 14    Spells: 1/1 levels left

rFire   . . .        a - +0 war axe
rCold   . . .        (no shield)
rNeg    . . .        b - +0 leather armour
rPois   .            c - +0 helmet
rElec   .            (no cloak)
rCorr   +            (no gloves)
SInv    .            (no boots)
Will    .....        (no amulet)
Stlth   +            g - ring of resist corrosion
HPRegen 0.23/turn    (no ring)
MPRegen 0.08/turn

%: no passive effects
@: no status effects
A: rugged brown scales 1
a: no special abilities


You were on level 1 of the Dungeon.
You visited 1 branch of the dungeon, and saw 1 of its levels.

You collected 28 gold pieces.

Inventory:

Hand Weapons
 a - a +0 war axe (weapon)
Missiles
 d - 3 throwing nets (quivered)
 e - a javelin
Armour
 b - a +0 leather armour (worn)
 c - a +0 helmet (worn)
Jewellery
 g - a ring of resist corrosion (left hand)
Scrolls
 h - 2 scrolls of teleportation {unknown}
Potions
 f - a potion of degeneration {unknown}


   Skills:
 * Level 2.0 Fighting
 * Level 3.0 Axes
 + Level 1.7 Throwing
 * Level 0.6 Armour
 + Level 2.7 Dodging
 * Level 0.1 Stealth
 * Level 0.1 Unarmed Combat
 * Level 0.1 Spellcasting


You had one spell level left.
You didn't know any spells.
Your spell library was empty.

Dungeon Overview and Level Annotations

Branches:
Dungeon (1/15)

Altars:


Innate Abilities, Weirdness & Mutations

You are partially covered in rugged brown scales. (AC +1, +3% HP)


Message History

You slash the kobold!
You kill the kobold!
Your Axes skill increases to level 3!
You have reached level 2!
Your demonic ancestry asserts itself...
Rugged brown scales grow over part of your body.
A bat comes into view.
Things that are here:
a +0 short sword; 3 stones; a kobold corpse The bat hits you but does no damage.
The bat hits you.
You see here a +0 club.
You closely miss the bat. The bat misses you.
You miss the bat. The bat hits you but does no damage. x2
The bat hits you but does no damage.
You slash the bat!
You kill the bat!
No target in view!
No target in view!
No target in view!
No target in view!
No target in view!
No target in view!
No target in view!
No target in view!
No target in view!
No target in view!
No target in view!
A hobgoblin comes into view.
A hobgoblin is nearby!
A frilled lizard comes into view.
The frilled lizard bites something but does no damage.
The frilled lizard hisses angrily.
You slash the hobgoblin!
You kill the hobgoblin!
The frilled lizard bites the bush but does no damage.
The frilled lizard bites something but does no damage.
Something bites the bush but does no damage.
A jackal comes into view.
The jackal barks!
Are you sure you want to abandon this character and quit the game? (Confirm with "yes".)

#..#..#.##....
#######.#........#
......(.#...#..##
##......####..)#
###............#
.##..........†)########
#.....##.###...........
.....#.....##.....#...
....##.<.....#..@.#
.....#.....##.....#
#.....##.###........
.##............##....h
###.............
.###PPP
##......####..#. .# l.
...###..# .#. ## P ####
#.# .... ..#


You could see a jackal and a frilled lizard.

Vanquished Creatures
  A bat (D:1)
  A goblin (D:1)
  2 hobgoblins (D:1)
  A kobold (D:1)
  A ball python (D:1)
  A rat (D:1)
7 creatures vanquished.

Notes
Turn   | Place    | Note
-------+----------+-------------------------------------------
     0 | D:1      | ezpacito the Demonspawn Gladiator began the quest for the
                  | Orb.
     0 | D:1      | Reached XP level 1. HP: 16/16 MP: 1/1
    65 | D:1      | Reached skill level 3 in Axes
    65 | D:1      | Gained mutation: You are partially covered in rugged brown
                  | scales. (AC +1, +3% HP) [demonic ancestry]
    65 | D:1      | Reached XP level 2. HP: 16/22 MP: 2/2
    85 | D:1      | Quit the game

Illustrated notes

Levels and vault maps discovered:
D:1:      erik_arrival_blinker_ship, layout_basic, minmay_hedge_maze

Skill      XL: |  1 |
---------------+----+-----
Axes           | 3 |  3.0
Fighting       | |  2.0
Throwing       | |  1.7
Armour         | |  0.6
Dodging        | |  2.7
Stealth        | |  0.1
Unarmed Combat | |  0.1
Spellcasting   | |  0.1

Action                     || total
---------------------------++-------
  Melee: War axe           ||    16
 Armour: Leather armour    ||    10
  Dodge: Dodged            ||    12

Table legend: (Time is in decaauts)
 A = Elapsed time spent in this place.
 B = Non-inter-level travel time spent in this place.
 C = Inter-level travel time spent in this place.
 D = Time resting spent in this place.
 E = Time spent auto-exploring this place.
 F = Levels seen in this place.
 G = Mean time per level.
                   A        B        C        D        E       F      G
               +--------+--------+--------+--------+--------+-----+--------+
         Total |     90 |     90 |      0 |      0 |     51 |   1 |   90.0 |
       Dungeon |     90 |     90 |      0 |      0 |     51 |   1 |   90.0 |
               +--------+--------+--------+--------+--------+-----+--------+

Top non-repeatable levels by time:
     D:1: 90 daAuts
